 Dungeon Crawl Stone Soup version 0.26.0-3-g156281e41b (webtiles) character file.

Game seed: 10396469346839357413

12706 ythm the Martial Artist (level 11, -2/81 HPs)
             Began as a Demonspawn Monk on Jan 9, 2021.
             Was a High Priest of Makhleb.
             Shot with an arrow by a centaur warrior (15 damage)
             ... on level 2 of the Orcish Mines.
             The game lasted 00:24:04 (12747 turns).

ythm the Martial Artist (Demonspawn Monk)          Turns: 12747, Time: 00:24:05

Health: -2/81      AC: 10    Str: 14    XL:     11   Next: 66%
Magic:  20/20      EV: 12    Int: 12    God:    Makhleb [*****.]
Gold:   784        SH:  5    Dex: 16    Spells: 10/10 levels left

rFire    . . .     SeeInvis .     - Unarmed
rCold    . . .     Faith    +   h - +0 buckler
rNeg     . . .     Spirit   .   k - +0 ring mail
rPois    .         Reflect  .   (helmet restricted)
rElec    .         Harm     .   (no cloak)
rCorr    .         Rampage  .   (no gloves)
Will     .....                  j - +0 pair of boots
Stlth    +.........             C - amulet of faith
HPRegen  0.23/turn              d - +4 ring of protection
MPRegen  0.17/turn              (no ring)

@: no status effects
A: antennae 1, claws 2, talons 2, demonic guardian 2
a: Renounce Religion, Minor Destruction, Lesser Servant of Makhleb, Major
Destruction, Greater Servant of Makhleb


You were on level 2 of the Orcish Mines.
You worshipped Makhleb.
Makhleb was extremely pleased with you.
You visited 2 branches of the dungeon, and saw 12 of its levels.

You collected 1092 gold pieces.
You spent 308 gold pieces at shops.

Inventory:

Missiles
 J - 3 throwing nets (quivered)
Armour
 a - a +0 robe
 b - a +0 chain mail
 h - a +0 buckler (worn)
 j - a +0 pair of boots (worn)
 k - a +0 ring mail (worn)
 q - a +0 plate armour
 E - a +0 helmet
 F - a cursed +0 leather armour
Jewellery
 d - a +4 ring of protection (left claw)
 w - a cursed -4 ring of dexterity {unknown}
 C - an amulet of faith (around neck)
Wands
 c - a wand of random effects (37)
 x - a wand of paralysis (8)
 G - a wand of acid (7)
 I - a wand of polymorph (15)
 O - a wand of flame (21)
Scrolls
 e - 2 scrolls of blinking
 f - 7 scrolls of remove curse
 g - 4 scrolls of amnesia {unknown}
 i - 3 scrolls of teleportation {unknown}
 s - a scroll of immolation {unknown}
 t - a scroll of magic mapping
 v - 2 scrolls of enchant armour {unknown}
 y - a scroll of fear {unknown}
 A - a scroll of random uselessness {unknown}
 B - a scroll of holy word {unknown}
 H - a scroll of vulnerability {unknown}
 M - a scroll of fog {unknown}
 N - a scroll of enchant weapon {unknown}
Potions
 l - 3 potions of curing
 m - 4 potions of flight
 n - 3 potions of mutation
 o - 2 potions of cancellation
 p - 2 potions of degeneration {unknown}
 r - 3 potions of magic
 u - 2 potions of heal wounds {unknown}
 z - a potion of resistance {unknown}
 D - 2 potions of berserk rage {unknown}
 K - a potion of lignification {unknown}
 L - a potion of attraction {unknown}


   Skills:
 + Level 5.8 Fighting
 + Level 1.0 Armour
 + Level 3.0 Dodging
 - Level 1.7 Stealth
 - Level 4.0 Shields
 + Level 14.0 Unarmed Combat
 - Level 12.0 Invocations


You had 10 spell levels left.
You didn't know any spells.
Your spell library contained the following spells:

 Spells                   Type           Power        Failure   Level
 Magic Dart               Conj           0%           56%         1
 Searing Ray              Conj           0%           71%         2
 Confusing Touch          Hex            0%           90%         3
 Dazzling Flash           Conj/Hex       0%           90%         3
 Gell's Gravitas          Tloc           0%           90%         3
 Fulminant Prism          Conj/Hex       0%           100%        4
 Iskenderun's Mystic Bla  Conj/Tloc      0%           100%        4
 Petrify                  Tmut/Erth      0%           100%        4
 Metabolic Englaciation   Hex/Ice        0%           100%        5
 Yara's Violent Unravell  Hex/Tmut       0%           100%        5


Dungeon Overview and Level Annotations

Branches:
Dungeon (10/15)            Temple (0/1) D:6            Lair (0/6) D:9
    Orc (2/2) D:10            Elf (0/3) Orc:2

Altars:
Ashenzari
Cheibriados
Dithmenos
Gozag
Hepliaklqana
Makhleb
Nemelex Xobeh
Qazlal
Ru
Sif Muna
Trog
Vehumet
Xom
Yredelemnul

Shops:
D:5 (   D:6 =   D:8 }

Portals:
Trove: D:10 (give 20 potions of curing)

Annotations:
D:6 2 transporters, krigyl's ghost, novice FoSu
D:7 Prince Ribbit


Innate Abilities, Weirdness & Mutations

You have a pair of small antennae on your head.
You have very sharp fingernails.
You have razor-sharp toenails.
A demonic guardian rushes to your aid.


Message History

Unknown command.
Unknown command.
As you read the scroll labelled ETOUNE ORRAUTS, it crumbles to dust.
You feel aware of your surroundings.
You sensed 4 shops/portals.
It was a scroll of magic mapping.
The centaur shoots an arrow.
The arrow hits you!
* * * LOW HITPOINT WARNING * * *
The orc hits you with a +0 club.
* * * LOW HITPOINT WARNING * * *
You hear a shout!
Unknown command.
Unknown command.
You feel better.
The centaur shoots an arrow.
You block the arrow.
The orc warrior suddenly jeers.
The orc closely misses you.
Unknown command.
Unknown command.
The orc warrior misses your ice devil.
The centaur warrior shoots an arrow.
The arrow hits you!
You die...

#..c................cc.
#.................#....
##.....cc..o......)#...
#..........c...........
#..........o...........
##..(.c........<.......
##...(.o.o.............
#......(4..<.......#...
#.....@....(.((.).###..
#..........[.(.....#,..
##...........).....#*,.
#..............(..#....
##...........#.........
*#.....#.#....#<.......
*......................
#......................
*,,,,....#.#...........


You could see a centaur warrior, 2 orc warriors, 3 centaurs, 2 orcs and a
friendly ice devil (summoned).

Vanquished Creatures
  An orc sorcerer (Orc:2)
  A gargoyle (D:7)
  An efreet (D:10)
  Sigmund (D:6)
  Grum (D:10)
  2 wraiths (D:10)
  A yak (D:10)
  A water moccasin (D:10)
  5 orc warriors
  2 ice beasts
  A sky beast (D:5)
  16 ogres
  3 black bears
  2 necrophages
  4 wolves
  6 centaurs
  A big kobold (D:9)
  4 bullfrogs
  A wyvern zombie (D:9)
  3 gnoll sergeants
  3 scorpions
  3 killer bees (D:9)
  15 wights (D:10)
  A howler monkey (D:10)
  11 hounds
  3 jellies
  A centaur skeleton (D:6)
  10 orc priests
  A gnoll shaman (D:8)
  2 bullfrog skeletons
  3 iguanas
  Terence (D:2)
  Natasha (thrice) (D:2)
  5 orc wizards
  7 worker ants
  A killer bee zombie (D:6)
  5 ogre zombies (D:10)
  A worker ant zombie (D:10)
  6 adders
  20 gnolls
  2 shadow imps
  2 ufetubi
  An adder zombie (D:5)
  2 adder skeletons
  3 worms
  A dart slug (D:2)
  5 leopard geckos
  28 orcs
  5 bats
  4 giant cockroaches
  5 hobgoblins
  5 jackals
  12 kobolds
  4 quokkas
  A ball python (D:7)
  3 frilled lizards
  A giant cockroach zombie (D:5)
  8 goblins
  A goblin zombie (D:10)
  A hobgoblin skeleton (D:10)
  A hobgoblin zombie (D:10)
  3 orc skeletons (D:10)
  8 orc zombies (D:10)
  2 quokka zombies (D:8)
  7 rats
274 creatures vanquished.

Vanquished Creatures (collateral kills)
  An ettin (Orc:1)
  Harold (D:9)
  2 two-headed ogres (D:10)
  5 yaks
  A warg (Orc:2)
  A water moccasin (D:6)
  2 phantoms (D:10)
  A wolf (D:10)
  An ogre (Orc:1)
  2 orc priests
  An orc wizard (Orc:1)
  An ogre zombie (D:10)
  A gnoll (D:8)
  3 orcs
  A goblin (D:2)
  A jackal (D:8)
  2 orc zombies (D:10)
27 creatures vanquished.

Vanquished Creatures (others)
  A gnoll (D:8)
1 creature vanquished.

Grand Total: 302 creatures vanquished

Notes
Turn   | Place    | Note
-------+----------+-------------------------------------------
     0 | D:1      | ythm the Demonspawn Monk began the quest for the Orb.
     0 | D:1      | Reached XP level 1. HP: 18/18 MP: 1/1
   228 | D:1      | Reached skill level 3 in Unarmed Combat
   475 | D:1      | Gained mutation: You have sharp fingernails. [demonic
                  | ancestry]
   475 | D:1      | Reached XP level 2. HP: 24/24 MP: 2/2
   833 | D:2      | Noticed Terence
   858 | D:2      | Killed Terence
   859 | D:2      | Reached skill level 4 in Unarmed Combat
   859 | D:2      | Reached XP level 3. HP: 12/29 MP: 3/3
  1059 | D:2      | Noticed Natasha
  1074 | D:2      | Killed Natasha
  1075 | D:2      | Gained mutation: A weak demonic guardian rushes to your
                  | aid. [demonic ancestry]
  1075 | D:2      | Reached XP level 4. HP: 24/35 MP: 4/4
  1154 | D:2      | Noticed Natasha
  1162 | D:2      | Killed Natasha
  1163 | D:2      | Reached skill level 5 in Unarmed Combat
  1190 | D:2      | Noticed Natasha
  1206 | D:2      | Killed Natasha
  1207 | D:2      | Reached XP level 5. HP: 7/41 MP: 5/5
  1540 | D:2      | Found a snail-covered altar of Cheibriados.
  1680 | D:2      | Found a hazy altar of Hepliaklqana.
  1681 | D:2      | Found a sacrificial altar of Ru.
  2151 | D:3      | Found a shimmering blue altar of Sif Muna.
  2950 | D:4      | Reached skill level 6 in Unarmed Combat
  2950 | D:4      | Noticed an ogre
  2955 | D:4      | Killed an ogre
  2956 | D:4      | Gained mutation: You have very sharp fingernails. [demonic
                  | ancestry]
  2956 | D:4      | Reached XP level 6. HP: 34/47 MP: 6/6
  3198 | D:5      | Entered Level 5 of the Dungeon
  3353 | D:5      | Found a burning altar of Makhleb.
  3356 | D:5      | Became a worshipper of Makhleb the Destroyer
  3356 | D:5      | Reached * piety under Makhleb
  3356 | D:5      | Reached ** piety under Makhleb
  3469 | D:5      | Found Otekkini's Antique Weapon Shoppe.
  3557 | D:5      | Reached skill level 7 in Unarmed Combat
  3557 | D:5      | Reached skill level 1 in Invocations
  4040 | D:5      | Found a burning altar of Makhleb.
  4040 | D:5      | Noticed a balrug
  4101 | D:5      | Noticed a sky beast
  4111 | D:5      | Killed a sky beast
  4112 | D:5      | Gained mutation: You have sharp toenails. [demonic
                  | ancestry]
  4112 | D:5      | Reached XP level 7. HP: 15/52 MP: 8/8
  4718 | D:6      | Noticed Sigmund
  4722 | D:6      | Noticed a wraith
  4746 | D:6      | Killed Sigmund
  4756 | D:6      | Reached skill level 8 in Unarmed Combat
  4918 | D:6      | Found a transporter.
  4920 | D:6      | Found a transporter.
  4922 | D:6      | Noticed krigyl's ghost (novice FoSu)
  5220 | D:6      | Reached XP level 8. HP: 58/58 MP: 11/11
  5253 | D:6      | Found a basalt altar of Yredelemnul.
  5382 | D:6      | Reached skill level 5 in Invocations
  5511 | D:6      | Found a staircase to the Ecumenical Temple.
  5739 | D:6      | Found Zoder's Jewellery Shop.
  5776 | D:6      | Found a bloodstained altar of Trog.
  5787 | D:6      | Reached skill level 9 in Unarmed Combat
  5939 | D:7      | Found a broken altar of Ashenzari.
  6157 | D:7      | Found a shadowy altar of Dithmenos.
  6171 | D:7      | Noticed a gargoyle
  6182 | D:7      | Killed a gargoyle
  6339 | D:7      | Found a stormy altar of Qazlal.
  6665 | D:7      | Noticed Prince Ribbit
  7014 | D:8      | Found a sparkling altar of Nemelex Xobeh.
  7014 | D:8      | Found an opulent altar of Gozag.
  7057 | D:8      | Gained mutation: You have razor-sharp toenails. [demonic
                  | ancestry]
  7057 | D:8      | Reached XP level 9. HP: 42/63 MP: 14/14
  7263 | D:8      | Found a shimmering altar of Xom.
  7278 | D:8      | Found a radiant altar of Vehumet.
  7286 | D:8      | Reached skill level 1 in Shields
  7286 | D:8      | Reached skill level 10 in Unarmed Combat
  7317 | D:8      | Found Cikysoh's Gadget Boutique.
  7357 | D:8      | Bought a wand of acid (7) for 308 gold pieces
  7413 | D:8      | Reached *** piety under Makhleb
  7430 | D:8      | Reached skill level 12 in Unarmed Combat
  7430 | D:8      | Gained mutation: A demonic guardian rushes to your aid.
                  | [demonic ancestry]
  7430 | D:8      | Reached XP level 10. HP: 70/70 MP: 14/18
  8325 | D:9      | Reached **** piety under Makhleb
  8439 | D:9      | Reached skill level 13 in Unarmed Combat
  9110 | D:9      | Noticed Harold
  9130 | D:9      | Killed Harold
  9525 | D:9      | Found a staircase to the Lair.
  9746 | D:10     | Entered Level 10 of the Dungeon
  9878 | D:10     | Noticed a two-headed ogre
  9895 | D:10     | Killed a two-headed ogre
  9896 | D:10     | Gained mutation: You have a pair of small antennae on your
                  | head. [demonic ancestry]
  9896 | D:10     | Reached XP level 11. HP: 65/77 MP: 19/19
 10071 | D:10     | Reached ***** piety under Makhleb
 10618 | D:10     | Found a portal to a secret trove of treasure.
 10778 | D:10     | Found a staircase to the Orcish Mines.
 10783 | D:10     | Noticed a two-headed ogre
 10810 | D:10     | Killed a two-headed ogre
 11130 | D:10     | Reached skill level 5 in Fighting
 11140 | D:10     | Noticed Grum
 11162 | D:10     | Killed Grum
 11620 | Orc:1    | Entered Level 1 of the Orcish Mines
 11682 | Orc:1    | Noticed an ettin
 11723 | Orc:1    | Killed an ettin
 11743 | Orc:1    | Reached skill level 14 in Unarmed Combat
 12328 | Orc:2    | Entered Level 2 of the Orcish Mines
 12346 | Orc:2    | Noticed an orc sorcerer
 12508 | Orc:2    | Killed an orc sorcerer
 12721 | Orc:2    | Reached skill level 1 in Armour
 12721 | Orc:2    | Noticed a centaur warrior
 12747 | Orc:2    | Shot with an arrow by a centaur warrior

Illustrated notes

Levels and vault maps discovered:
D:1:      eino_arrival_cavern_a, layout_loops_ring
D:2:      layout_rooms, gammafunk_temple_overflow_statue, cheibriados_altar_1,
          uniq_terence, uniq_natasha
D:3:      layout_basic, general_overflow_altar
D:4:      layout_basic, minmay_cupped
D:5:      layout_loops_ring, kennysheep_mini_moat, serial_shops, shop_fountains,
          makhleb_altar_promises_db
D:6:      layout_basic, lightli_temple_of_fire, marbit_many_paths,
          minmay_temple_entry_glassed_door, gammafunk_ghost_mausoleum,
          serial_shops, shop, grunt_decor_one_mirror, minmay_misc_feat_hallway,
          uniq_sigmund
D:7:      layout_basic, grunt_qazlal_sundering, lemuel_crystal_altar,
          nicolae_dithmenos_the_darkroom, hangedman_decor_growths,
          uniq_prince_ribbit1
D:8:      layout_cave_pools, grunt_temple_overflow_opulence,
          overflow_temple_1_default, old_standard_altar, serial_gnoll_camp,
          gnoll_camp_medium_02, gnoll_camp_mini_loothouse,
          gnoll_camp_mini_doghouse, gnoll_camp_mini_shop, gnoll_camp_mini_house
D:9:      layout_basic, lair_entry_dummy, glass_columns_b, uniq_harold
D:10:     layout_long_grid, zombieorc1_lemuel, nicolae_trove_entry_crossroad,
          uniq_grum
Orc:1:    giant_chief_lemuel, layout_caves
Orc:2:    st_orc_rangers, layout_caves

Skill      XL: |  1  2  3  4  5  6  7  8  9 10 11 |
---------------+----------------------------------+-----
Unarmed Combat | 3 4 5 6 7 8 9 12 13 14 | 14.0
Invocations    | 2 4 7 11 12 | 12.0
Shields        | 1 3 4 |  4.0
Fighting       | 4 5 |  5.8
Dodging        | 3 |  3.0
Armour         | 1 |  1.0
Stealth        | |  1.7

Action                   |  1- 3 |  4- 6 |  7- 9 | 10-12 || total
-------------------------+-------+-------+-------+-------++-------
Melee: Unarmed           |    86 |   179 |   198 |   510 ||   973
       Punch             |     3 |     3 |     3 |       ||     9
Invok: Minor Destruction |       |     1 |       |       ||     1
       Lesser Servant of |       |       |       |     7 ||     7
  Use: Potion            |       |     2 |     1 |     2 ||     5
       Scroll            |       |       |     7 |     4 ||    11
 Stab: Sleeping          |     5 |     1 |     1 |     2 ||     9
       Distracted        |       |       |       |     2 ||     2
       Confused          |       |       |       |     2 ||     2
Armor: Ring mail         |    15 |    55 |    57 |   133 ||   260
       Robe              |     1 |       |       |       ||     1
       Chain mail        |       |       |       |     3 ||     3
Dodge: Dodged            |    43 |   105 |    92 |   223 ||   463
Block: Buckler           |       |       |     7 |    79 ||    86
